 Dungeon Crawl Stone Soup version 0.16.2-12-gd0ad4c3 (webtiles) character file.

6773 faibistes the Thaumaturge (level 10, -3/54 HPs)
             Began as a Deep Elf Wizard on Feb 5, 2019.
             Was an Elder of Sif Muna.
             Killed by Ozocubu's Refrigeration
             ... invoked by Fannar
              (6 damage)
             ... on level 11 of the Dungeon.
             The game lasted 00:37:18 (15948 turns).

faibistes the Thaumaturge (Deep Elf Wizard)        Turns: 15948, Time: 00:37:19

Health: -3/54      AC:  5    Str:  8    XL:     10   Next: 76%
Magic:  34/41      EV: 16    Int: 27    God:    Sif Muna [****..]
Gold:   437        SH:  0    Dex: 13    Spells: 6 memorised, 18 levels left

rFire  . . .     SeeInvis .     w - +5 dagger (venom)
rCold  . . .     Clarity  .     a - +0 robe
rNeg   . . .     SustAb   .     (no shield)
rPois  .         Gourm    .     b - +1 hat
rElec  .         Spirit   .     m - +0 cloak
rCorr  .         Warding  .     s - +0 pair of gloves
rMut   .         Stasis   .     (no boots)
MR     +....                    (no amulet)
Stlth  ++........               H - ring of magical power
                                C - +4 ring of strength

@: repel missiles, somewhat resistant to hostile enchantments, unstealthy
A: no striking features
a: Channel Energy, Forget Spell, Renounce Religion


You were on level 11 of the Dungeon.
You worshipped Sif Muna.
Sif Muna was greatly pleased with you.
You were hungry.

You visited 2 branches of the dungeon, and saw 12 of its levels.
You also visited: Ossuary.

You collected 704 gold pieces.
You spent 267 gold pieces at shops.

Inventory:

Hand weapons
 g - a +0 dagger of chaos
 w - a +5 dagger of venom (weapon)
 M - the +11 war axe of Anxiety {flame, Str+4}
   (You found it on level 8 of the Dungeon)

   It has been specially enchanted to burn those struck by it, causing extra
   injury to most foes and up to half again as much damage against particularly
   susceptible opponents.
   Big, fiery blades are also staple armaments of hydra-hunters.
   It affects your strength (+4).
Armour
 a - a +0 robe (worn)
 b - a +1 hat (worn)
 m - a +0 cloak (worn)
 s - a +0 pair of gloves (worn)
Magical staves
 z - an uncursed staff of poison
 R - an uncursed staff of air
Jewellery
 h - a cursed ring of ice
 r - a +1 ring of protection
 t - a cursed ring of protection from cold
 C - a +4 ring of strength (left hand)
 H - a ring of magical power (right hand)
 S - an uncursed amulet of stasis
Magical devices
 v - a wand of frost (33)
 A - a wand of polymorph (15)
 P - a wand of fireball (2)
 Q - a wand of digging (13)
Scrolls
 j - 6 scrolls of amnesia
 x - 2 scrolls of enchant armour
 B - a scroll of remove curse
 E - 2 scrolls of fear
 G - a scroll of blinking
 N - a scroll of immolation
 O - a scroll of magic mapping
Potions
 f - 2 potions of cure mutation
 k - a potion of cancellation
 l - 3 potions of agility
 n - 7 potions of heal wounds
 o - 2 potions of haste
 p - 2 potions of might
 q - 4 potions of curing
 D - 2 potions of flight
 F - 2 potions of lignification
 I - 3 potions of restore abilities
 K - a potion of mutation {unknown}
 L - a potion of brilliance {unknown}
 U - a potion of resistance {unknown}
Books
 c - a book of Minor Magic

   Spells                             Type                      Level
   a - Magic Dart                     Conjuration                  1
   b - Blink                          Translocation                2
   c - Call Imp                       Summoning                    2
   d - Repel Missiles                 Charms/Air                   2
   e - Slow                           Hexes                        2
   f - Conjure Flame                  Conjuration/Fire             3
   g - Mephitic Cloud                 Conjuration/Poison/Air       3
 y - an Akashic Record {highlevel}

   This book is beyond your current level of understanding.

   Spells                             Type                      Level
   a - Dispersal                      Translocation                6
   b - Controlled Blink               Translocation                7
   c - Malign Gateway                 Summoning/Translocation      7
   d - Disjunction                    Translocation                8
   e - Singularity                    Translocation                9
Comestibles
 d - 4 bread rations
 i - 2 meat rations
 u - a beef jerky
 J - 3 chunks of flesh
 W - 7 slices of pizza


   Skills:
 + Level 2.7 Fighting
 + Level 7.3 Dodging
 - Level 2.4 Stealth
 * Level 11.2 Spellcasting
 + Level 6.9 Conjurations
 + Level 4.4 Charms
 - Level 1.1 Summonings
 + Level 4.8 Translocations
 * Level 6.6 Fire Magic
 - Level 3.8 Air Magic
 - Level 2.7 Poison Magic
 * Level 4.7 Invocations
 + Level 3.5 Evocations


You had 18 spell levels left.
You knew the following spells:

 Your Spells              Type           Power        Failure   Level  Hunger
a - Magic Dart            Conj           ####         1%          1    None
b - Conjure Flame         Conj/Fire      ######..     1%          3    None
c - Call Imp              Summ           ###.....     4%          2    None
d - Blink                 Tloc           N/A          1%          2    None
e - Mephitic Cloud        Conj/Pois/Air  #####...     1%          3    None
f - Repel Missiles        Chrm/Air       #####.       1%          2    None


Dungeon Overview and Level Annotations

Branches:
Dungeon (11/15)            Temple (1/1) D:5            Lair (0/8) D:10
    Orc (0/4) D:10

Altars:
Ashenzari
Cheibriados
Dithmenos
Fedhas
Gozag
Kikubaaqudgha
Makhleb
Nemelex Xobeh
Okawaru
Qazlal
Ru
Sif Muna
Trog
Vehumet
Yredelemnul
Zin
The Shining One

Shops:
D:5 *   D:7 =

Annotations:
D:4 4 runed doors
D:11 Fannar, Josephine


Message History

Fannar is heavily wounded.
Casting: Magic Dart
Confirm with . or Enter, or press ? or * to list all spells.
Aiming: Magic Dart
Press: ? - help, Shift-Dir - straight line, f/p - Fannar
Aim: Fannar, wielding a quarterstaff of freezing, wearing a robe of cold resistance and wearing a ring of ice (heavily wounded, poisoned, bewildered and confused, covered in an icy film, protected by a disc of dense vapour)
The magic dart hits Fannar.
Fannar is heavily wounded.
Fannar seems less confused.
Fannar points at you and mumbles some strange words.
The bolt of cold hits you!
Ouch! That really hurt!
* * * LOW HITPOINT WARNING * * *
Casting: Magic Dart
Confirm with . or Enter, or press ? or * to list all spells.
You blink.
Fannar gestures wildly while chanting.
Fannar drains the heat from the surrounding environment!
You feel very cold.
You die...

... .....
... ... ...
#.###
#####...##
#........#
#@...<...#
#........+
#...)....#
+........#
#...ยง..).#
#..e..$..#
#........#
#........#
##########


You could see Fannar.

Vanquished Creatures
  2 trolls (D:10)
  A basilisk (D:9)
  3 yaks
  4 wraiths
  A human (D:9)
  A hungry ghost (D:9)
  A hog (D:9)
  A deep elf fighter (D:10)
  4 sky beasts
  A phantom (D:10)
  An ice beast (D:8)
  An orc warrior (D:9)
  7 ogres
  4 centaurs
  2 crocodiles
  7 giant frogs
  A water moccasin skeleton (D:7)
  3 scorpions
  7 killer bees
  8 wights
  3 crimson imps
  3 hounds
  Crazy Yiuf (D:5)
  2 iguanas (D:9)
  2 jellies
  4 orc priests
  12 worker ants
  A giant frog skeleton (D:7)
  9 orc wizards
  2 sheep (D:9)
  8 ogre zombies (D:10)
  A big kobold zombie (Ossuary)
  2 hound skeletons
  10 mummies
  5 gnolls (D:8)
  7 adders
  3 river rats
  2 giant mites
  A worm (D:6)
  2 oozes
  29 orcs
  16 bats
  3 bat skeletons
  6 giant cockroaches
  16 goblins
  11 hobgoblins
  15 kobolds
  4 quokkas
  10 giant geckos
  4 giant newts
  3 gnoll zombies (Ossuary)
  3 goblin zombies (D:10)
  A hobgoblin skeleton (D:10)
  3 hobgoblin zombies (D:10)
  A jackal zombie (D:5)
  2 kobold zombies (Ossuary)
  An orc skeleton (D:10)
  18 orc zombies
  A quokka zombie (D:4)
  26 rats
  A ballistomycete (D:7)
  A butterfly (D:10)
315 creatures vanquished.

Vanquished Creatures (collateral kills)
  An orc (D:4)
  An orc zombie (D:10)
2 creatures vanquished.

Vanquished Creatures (others)
  A white imp (D:10)
  2 giant spores
  2 ballistomycetes (D:7)
  14 fungi (D:10)
  5 plants (D:10)
24 creatures vanquished.

Grand Total: 341 creatures vanquished

Notes
Turn   | Place    | Note
--------------------------------------------------------------
     0 | D:1      | faibistes, the Deep Elf Wizard, began the quest for the Orb.
     0 | D:1      | Reached XP level 1. HP: 10/10 MP: 6/6
   144 | D:1      | Reached XP level 2. HP: 9/15 MP: 0/9
   148 | D:1      | Learned a level 2 spell: Blink
   151 | D:1      | Learned a level 2 spell: Call Imp
  1333 | D:2      | Reached XP level 3. HP: 19/19 MP: 7/13
  1338 | D:2      | Learned a level 3 spell: Conjure Flame
  1342 | D:2      | Learned a level 3 spell: Mephitic Cloud
  1412 | D:2      | Reached skill level 5 in Spellcasting
  1729 | D:2      | Found an ancient bone altar of Kikubaaqudgha.
  2314 | D:5      | Entered Level 5 of the Dungeon
  2322 | D:5      | Found Peozibic's Assorted Antiques.
  2425 | D:3      | Reached XP level 4. HP: 24/24 MP: 13/17
  2459 | D:3      | Learned a level 2 spell: Repel Missiles
  2716 | D:3      | Found a burning altar of Makhleb.
  2720 | D:3      | Found an iron altar of Okawaru.
  3114 | D:4      | Found a large runed door.
  3115 | D:4      | Found a large runed door.
  3178 | D:4      | Found a large runed door.
  3178 | D:4      | Found a large runed door.
  3191 | D:4      | Reached XP level 5. HP: 28/28 MP: 11/20
  3254 | D:4      | Found an opulent altar of Gozag.
  3305 | D:4      | Reached skill level 6 in Spellcasting
  3660 | D:4      | Found a blossoming altar of Fedhas.
  3660 | D:4      | Found a radiant altar of Vehumet.
  3661 | D:4      | Found a basalt altar of Yredelemnul.
  3691 | D:4      | Found a snail-covered altar of Cheibriados.
  3872 | D:4      | Reached XP level 6. HP: 32/32 MP: 15/22
  4257 | D:4      | Noticed a centaur
  4266 | D:4      | Killed a centaur
  4266 | D:4      | Reached skill level 7 in Spellcasting
  4822 | D:5      | Reached XP level 7. HP: 35/37 MP: 19/25
  4844 | D:5      | Noticed Crazy Yiuf
  4850 | D:5      | Killed Crazy Yiuf
  4997 | D:5      | Reached skill level 1 in Fighting
  5108 | D:5      | Found a staircase to the Ecumenical Temple.
  5116 | Temple   | Entered the Ecumenical Temple
  5347 | Temple   | Became a worshipper of Sif Muna the Loreminder
  5653 | D:5      | Noticed an ogre
  5668 | D:5      | Killed an ogre
  5668 | D:5      | Reached skill level 1 in Fire Magic
  5668 | D:5      | Reached skill level 1 in Air Magic
  5674 | D:5      | Reached skill level 5 in Dodging
  5811 | D:5      | Noticed a scorpion
  5819 | D:5      | Killed a scorpion
  5964 | D:5      | Found a sparkling altar of Nemelex Xobeh.
  5964 | D:5      | Noticed an ogre
  5967 | D:5      | Killed an ogre
  5967 | D:5      | Reached skill level 8 in Spellcasting
  6196 | D:5      | Bought a ruby potion for 24 gold pieces
  6196 | D:5      | Bought a scroll labeled JOUTUXZIODD for 27 gold pieces
  6196 | D:5      | Bought a scroll labeled QAGHUSKIAFA for 27 gold pieces
  6196 | D:5      | Bought a scroll of identify for 54 gold pieces
  6196 | D:5      | Bought a shiny bone ring for 135 gold pieces
  6640 | D:7      | Found a sand-covered staircase.
  6676 | Ossuary  | Entered an ossuary
  6937 | Ossuary  | Acquired Sif Muna's first power
  6937 | Ossuary  | Reached XP level 8. HP: 43/43 MP: 27/27
  7236 | D:8      | Got a pitted war axe
  7291 | D:7      | Reached skill level 5 in Conjurations
  7291 | D:7      | Reached skill level 1 in Poison Magic
  7686 | D:7      | Found Lubal's Jewellery Shoppe.
  8037 | D:7      | Acquired Sif Muna's second power
  8303 | D:7      | Identified the +11 war axe of Anxiety {flame, Str+4} (You found it on level 8 of the Dungeon)
  8540 | D:7      | Reached skill level 9 in Spellcasting
  8707 | D:7      | Reached XP level 9. HP: 47/47 MP: 29/29
  9595 | D:7      | Reached skill level 1 in Invocations
 10181 | D:8      | Reached skill level 1 in Charms
 11002 | D:8      | Found an iron altar of Okawaru.
 11124 | D:8      | Reached skill level 1 in Evocations
 11161 | D:8      | Found a shattered altar of Ashenzari.
 11580 | D:9      | Reached skill level 10 in Spellcasting
 11831 | D:10     | Entered Level 10 of the Dungeon
 12138 | D:9      | Reached skill level 5 in Fire Magic
 12939 | D:9      | Reached XP level 10. HP: 48/53 MP: 31/31
 13324 | D:9      | Found a shadowy altar of Dithmenos.
 14011 | D:10     | Found a staircase to the Orcish Mines.
 14028 | D:10     | Acquired Sif Muna's third power
 14329 | D:11     | Noticed Josephine
 15382 | D:10     | Found a glowing silver altar of Zin.
 15481 | D:10     | Reached skill level 11 in Spellcasting
 15809 | D:10     | Found a staircase to the Lair.
 15922 | D:11     | Noticed Fannar
 15948 | D:11     | Killed from afar by Fannar

Action                   |  1- 3 |  4- 6 |  7- 9 | 10-12 || total
-------------------------+-------+-------+-------+-------++-------
Melee: Dagger            |    13 |     8 |   109 |    73 ||   203
       Staff             |       |       |       |     3 ||     3
 Cast: Magic Dart        |   104 |   161 |   531 |   158 ||   954
       Call Imp          |     1 |       |       |     1 ||     2
       Repel Missiles    |       |     1 |       |       ||     1
       Mephitic Cloud    |       |     3 |    18 |    11 ||    32
       Conjure Flame     |       |       |    38 |    33 ||    71
       Blink             |       |       |    19 |    15 ||    34
  Use: Scroll            |     9 |     4 |    13 |     5 ||    31
       Potion            |       |       |       |     2 ||     2
 Stab: Sleeping          |     1 |       |     1 |       ||     2
       Confused          |       |       |     3 |     3 ||     6
  Eat: Chunk             |     4 |     8 |    22 |     4 ||    38
       Fruit             |       |       |     3 |       ||     3
       Beef jerky        |       |       |       |     3 ||     3
